 Dungeon Crawl Stone Soup version 0.32-a0-7-ge934b4519a (console) character file.

Game seed: 16863630389653879062

1449 jejorda2 the Chopper (level 8, 0/100 HPs)
             Began as a Gnoll Berserker on Jan 13, 2024.
             Was a Priest of Trog.
             Slain by a gnoll
             ... wielding a +1 halberd of flaming
             ... led by a gnoll bouda
              (10 damage)
             ... on level 6 of the Dungeon.
             The game lasted 00:09:44 (4245 turns).

jejorda2 the Chopper (Gnoll Berserker)              Turns: 4245, Time: 00:09:44

Health: 0/100      AC: 11    Str: 20    XL:     8   Next: 75%
Magic:  13/13      EV: 10    Int:  6    God:    Trog [***...]
Gold:   377        SH:  5    Dex: 11    Spells: 14/14 levels left

rFire   . . .        a - +1 war axe (heavy)
rCold   + . .        (no shield)
rNeg    . . .        o - +0 chain mail
rPois   +            t - +0 hat
rElec   .            (no cloak)
rCorr   .            (no gloves)
SInv    .            m - +0 pair of boots
Will    ++...        q - amulet of reflection Stlth
                     n - ring of protection from cold
HPRegen 1.36/turn    w - ring of poison resistance
MPRegen 0.13/turn

%: reflection
@: berserking (expiring), strong-willed, regenerating, very quick
A: fangs 1, strong nose, distributed training
a: Renounce Religion, Berserk, Trog's Hand


You were on level 6 of the Dungeon.
You worshipped Trog.
Trog was most pleased with you.
You visited 1 branch of the dungeon, and saw 6 of its levels.
You also visited: Sewer.

You collected 377 gold pieces.

Inventory:

Hand Weapons
 a - a +1 heavy war axe (weapon)
 y - a +0 war axe
 z - a +0 flail
Missiles
 d - a throwing net
 s - 10 poisoned darts (quivered)
Armour
 i - a +0 kite shield
 m - a +0 pair of boots (worn)
 o - a +0 chain mail (worn)
 t - a +0 hat (worn)
Jewellery
 f - a ring of fire
 n - a ring of protection from cold (left hand)
 q - an amulet of reflection (around neck)
 r - a ring of protection from fire
 v - a ring of positive energy
 w - a ring of poison resistance (right hand)
Wands
 k - a wand of charming (12)
 F - a wand of polymorph (8)
 G - a wand of flame (19)
Scrolls
 b - 2 scrolls of poison {unknown}
 e - 3 scrolls of vulnerability {unknown}
 p - 3 scrolls of identify {unknown}
 B - 2 scrolls of blinking {unknown}
 H - a scroll of immolation {unknown}
Potions
 c - a potion of ambrosia {unknown}
 g - 2 potions of might {unknown}
 h - 5 potions of mutation {unknown}
 j - a potion of invisibility {unknown}
 l - a potion of degeneration {unknown}
 x - 2 potions of lignification {unknown}
 A - 2 potions of heal wounds {unknown}
 C - a potion of enlightenment {unknown}
 D - a potion of haste {unknown}
 E - a potion of berserk rage {unknown}


   Skills:
 + Level 7.6 Fighting
 + Level 3.7 Short Blades
 + Level 3.7 Long Blades
 + Level 7.6 Axes
 + Level 3.7 Maces & Flails
 + Level 3.7 Polearms
 + Level 3.7 Staves
 + Level 3.7 Ranged Weapons
 + Level 3.7 Throwing
 + Level 5.9 Armour
 + Level 5.9 Dodging
 + Level 3.7 Stealth
 + Level 3.7 Shields
 + Level 3.7 Unarmed Combat
 + Level 3.7 Spellcasting
 + Level 3.0 Conjurations
 + Level 3.0 Hexes
 + Level 3.0 Summonings
 + Level 3.0 Necromancy
 + Level 3.0 Translocations
 + Level 3.0 Fire Magic
 + Level 3.0 Ice Magic
 + Level 3.0 Air Magic
 + Level 3.0 Earth Magic
 + Level 3.0 Alchemy
 + Level 4.0 Invocations
 + Level 3.7 Evocations
 + Level 3.3 Shapeshifting


You had 14 spell levels left.
You didn't know any spells.
Your spell library was empty.

Dungeon Overview and Level Annotations

Branches:
Dungeon (6/15)              Sewer (visited)
 Temple: D:4-7

Altars:
Dithmenos
Okawaru
Qazlal
Wu Jian

Shops:
D:4 (


Innate Abilities, Weirdness & Mutations

You have very sharp teeth.
Your uncanny sense of smell can sniff out nearby items.
Your experience applies equally to all skills.


Message History

The gnoll is moderately wounded.
The gnoll closely misses you.
The gnoll hits you from afar with a +1 halberd of flaming.
* * * LOW HITPOINT WARNING * * *
The gnoll burns you.
* * * LOW HITPOINT WARNING * * *
Unknown command.
You completely miss the gnoll.
The gnoll is moderately wounded.
The gnoll hits you with a +0 whip.
* * * LOW HITPOINT WARNING * * *
The gnoll hits you from afar with a +1 halberd of flaming!
* * * LOW HITPOINT WARNING * * *
The gnoll burns you.
* * * LOW HITPOINT WARNING * * *
You slice the gnoll!!
You feel the power of Trog in you as your rage grows.
You kill the gnoll!
Trog accepts your kill. The gnoll barely misses you.
The orc priest looks encouraged for a moment.
You barely miss the gnoll. You bite the gnoll.
The gnoll is moderately wounded.
You block the gnoll's attack. The gnoll hits you but does no damage.
You closely miss the gnoll.
The gnoll is moderately wounded.
The gnoll hits you from afar with a +1 halberd of flaming!
* * * LOW HITPOINT WARNING * * *
The gnoll burns you.
* * * LOW HITPOINT WARNING * * *
The gnoll barely misses you.
You slice the gnoll!!
You kill the gnoll!
Trog accepts your kill. The gnoll hits you but does no damage.
You slice the orc priest!!
You kill the orc priest!
Trog accepts your kill.
The gnoll hits you from afar with a +1 halberd of flaming!
You die...

... ... ... ∆ ∆ #.#
∆ ##g# .g# #)# #@#
#.# #####.#### #####
#........#
#...####.###.##.#
#.......[.........
#...####.###.##.##..
##.### #.# ... # .
#....# #.# ...


You could see 2 gnolls.

Vanquished Creatures
  A water moccasin (D:5)
  A black bear (D:5)
  3 ogres
  A crocodile (Sewer)
  A phantom (D:4)
  A bullfrog (D:6)
  3 scorpions (D:4)
  3 hounds (D:5)
  3 orc priests
  2 jellies
  A gnoll bouda (D:6)
  2 iguanas
  5 orc wizards
  3 gnolls (D:6)
  7 adders
  3 ribbon worms
  A dart slug (D:3)
  16 orcs
  8 ball pythons
  4 endoplasms
  15 giant cockroaches
  7 hobgoblins
  6 jackals
  5 kobolds
  2 quokkas
  3 bats
  3 frilled lizards
  5 goblins
  5 rats
120 creatures vanquished.

Notes
Turn   | Place    | Note
-------+----------+-------------------------------------------
     0 | D:1      | jejorda2 the Gnoll Berserker began the quest for the Orb.
     0 | D:1      | Reached XP level 1. HP: 23/23 MP: 1/1
   203 | D:1      | Reached XP level 2. HP: 25/29 MP: 2/2
  1118 | D:2      | Reached XP level 3. HP: 35/35 MP: 3/3
  1148 | D:2      | Reached ** piety under Trog
  1514 | D:2      | Reached skill level 1 in Invocations
  1646 | D:3      | Reached skill level 1 in Short Blades
  1646 | D:3      | Reached skill level 1 in Long Blades
  1646 | D:3      | Reached skill level 1 in Maces & Flails
  1646 | D:3      | Reached skill level 1 in Polearms
  1646 | D:3      | Reached skill level 1 in Staves
  1646 | D:3      | Reached skill level 1 in Ranged Weapons
  1646 | D:3      | Reached skill level 1 in Throwing
  1646 | D:3      | Reached skill level 1 in Stealth
  1646 | D:3      | Reached skill level 1 in Shields
  1646 | D:3      | Reached skill level 1 in Unarmed Combat
  1646 | D:3      | Reached skill level 1 in Spellcasting
  1646 | D:3      | Reached skill level 1 in Evocations
  1646 | D:3      | Reached skill level 1 in Shapeshifting
  1646 | D:3      | Reached XP level 4. HP: 24/41 MP: 5/5
  1656 | D:3      | Reached skill level 1 in Conjurations
  1656 | D:3      | Reached skill level 1 in Hexes
  1656 | D:3      | Reached skill level 1 in Summonings
  1656 | D:3      | Reached skill level 1 in Necromancy
  1656 | D:3      | Reached skill level 1 in Translocations
  1656 | D:3      | Reached skill level 1 in Fire Magic
  1656 | D:3      | Reached skill level 1 in Ice Magic
  1656 | D:3      | Reached skill level 1 in Air Magic
  1656 | D:3      | Reached skill level 1 in Earth Magic
  1656 | D:3      | Reached skill level 1 in Alchemy
  1951 | D:3      | Reached XP level 5. HP: 47/47 MP: 7/7
  2308 | D:3      | Reached XP level 6. HP: 53/53 MP: 8/8
  2309 | D:3      | Reached *** piety under Trog
  2318 | D:3      | Reached skill level 5 in Armour
  2318 | D:3      | Reached skill level 5 in Dodging
  2628 | D:4      | Found Famo's Weapon Shop.
  2660 | D:4      | Reached XP level 7. HP: 60/60 MP: 10/10
  3201 | D:5      | Entered Level 5 of the Dungeon
  3300 | D:5      | Reached XP level 8. HP: 59/67 MP: 12/12
  3466 | D:5      | Found a stormy altar of Qazlal.
  3467 | D:5      | Found a shadowy altar of Dithmenos.
  3540 | D:5      | Found an iron altar of Okawaru.
  3660 | D:5      | Found an ornate altar of the Wu Jian Council.
  3966 | D:6      | Found a glowing drain.
  3986 | Sewer    | Entered a sewer
  4245 | D:6      | Slain by a gnoll

Illustrated notes

Levels and vault maps discovered:
D:1:      dpeg_arrival_court, layout_rooms
D:2:      layout_loops_corners, serial_bayou_ford_a
D:3:      minmay_roachtagon, layout_basic, grunt_decor_arrowhead,
          kennysheep_generic_room_16
D:4:      layout_rooms, minmay_shop_grid_forest
D:5:      layout_basic, mainiacjoe_overflow_paths, okawaru_gym_becter,
          grunt_temple_overflow_open, serial_library_hellmonk_recessed_alcove
D:6:      layout_loops_corners, fedhas_altar_1,
          minmay_temple_entry_proselytizer, gup_sewer_entry_glass

Skill      XL: |  1  2  3  4  5  6  7  8 |
---------------+-------------------------+-----
Invocations    | 1 2 3 4 |  4.0
Short Blades   | 1 2 3 |  3.7
Long Blades    | 1 2 3 |  3.7
Maces & Flails | 1 2 3 |  3.7
Polearms       | 1 2 3 |  3.7
Staves         | 1 2 3 |  3.7
Ranged Weapons | 1 2 3 |  3.7
Throwing       | 1 2 3 |  3.7
Stealth        | 1 2 3 |  3.7
Shields        | 1 2 3 |  3.7
Unarmed Combat | 1 2 3 |  3.7
Spellcasting   | 1 2 3 |  3.7
Evocations     | 1 2 3 |  3.7
Shapeshifting  | 1 2 3 |  3.3
Conjurations   | 1 2 3 |  3.0
Hexes          | 1 2 3 |  3.0
Summonings     | 1 2 3 |  3.0
Necromancy     | 1 2 3 |  3.0
Translocations | 1 2 3 |  3.0
Fire Magic     | 1 2 3 |  3.0
Ice Magic      | 1 2 3 |  3.0
Air Magic      | 1 2 3 |  3.0
Earth Magic    | 1 2 3 |  3.0
Alchemy        | 1 2 3 |  3.0
Armour         | 5 |  5.9
Dodging        | 5 |  5.9
Fighting       | 7 |  7.6
Axes           | 7 |  7.6

Action                     |  1- 3 |  4- 6 |  7- 9 || total
---------------------------+-------+-------+-------++-------
  Melee: Hand axe          |   105 |   110 |       ||   215
         Bite              |     9 |    10 |     7 ||    26
         Punch             |     2 |     1 |     2 ||     5
         War axe           |       |    28 |    90 ||   118
  Throw: Dart              |       |       |     6 ||     6
 Invoke: Trog's Hand       |     1 |       |     1 ||     2
         Berserk           |       |     1 |     2 ||     3
    Use: Scroll            |       |       |     3 ||     3
 Armour: Animal skin       |    16 |       |       ||    16
         Scale mail        |    15 |       |       ||    15
         Chain mail        |    38 |    91 |    83 ||   212
  Dodge: Dodged            |    59 |    63 |    49 ||   171
  Block: Other             |       |    20 |    24 ||    44
         Reflection        |       |     3 |       ||     3

Table legend: (Time is in decaauts)
 A = Elapsed time spent in this place.
 B = Non-inter-level travel time spent in this place.
 C = Inter-level travel time spent in this place.
 D = Time resting spent in this place.
 E = Time spent auto-exploring this place.
 F = Levels seen in this place.
 G = Mean time per level.
                   A        B        C        D        E       F      G
               +--------+--------+--------+--------+--------+-----+--------+
         Total |   4343 |   4161 |    182 |     91 |   3219 |   7 |  620.4 |
       Dungeon |   4166 |   3984 |    182 |     91 |   3107 |   6 |  694.3 |
         Sewer |    176 |    176 |      0 |      0 |    112 |   1 |  176.0 |
               +--------+--------+--------+--------+--------+-----+--------+

Top non-repeatable levels by time:
     D:3: 969 daAuts
     D:2: 872 daAuts
     D:5: 795 daAuts
     D:1: 748 daAuts
     D:4: 643 daAuts
   Sewer: 176 daAuts
     D:6: 137 daAuts
